 Dungeon Crawl Stone Soup version 0.27-a0-1555-g0e7b3fb1d2 (webtiles) character file.

Game seed: 16356746916244254876

19 PentaManta the Insei (level 2, 18/18 HPs)
             Began as an Octopode Transmuter on July 15, 2021.
             Was a Follower of Wu Jian.
             Got out of the dungeon alive.
             The game lasted 00:01:20 (1079 turns).

PentaManta the Insei (Octopode Transmuter)          Turns: 1079, Time: 00:01:21

Health: 18/18      AC:  1    Str:  9    XL:     2   Next: 75%
Magic:  5/5        EV: 13    Int: 15    God:    Wu Jian [*.....]
Gold:   85         SH:  0    Dex: 18    Spells: 4/5 levels left

rFire    . . .     SeeInvis .     - Unarmed
rCold    . . .     Faith    .   (no shield)
rNeg     . . .     Spirit   .   (helmet restricted)
rPois    .         Reflect  .   (no amulet)
rElec    .         Harm     .   a - +6 ring of dexterity
rCorr    .         Rampage  .   (no ring)
Will     .....                  (no ring)
Stlth    +++.......             (no ring)
HPRegen  0.06/turn              (no ring)
MPRegen  0.09/turn              (no ring)
                                (no ring)
                                (no ring)

@: no status effects
A: almost no armour, amphibious, 8 rings, camouflage 1, gelatinous body 1,
(nimble swimmer 1), tentacles
a: Renounce Religion


You escaped.
You worshipped Wu Jian.
Wu Jian was aware of your devotion.
You visited 1 branch of the dungeon, and saw 1 of its levels.

You collected 85 gold pieces.

Inventory:

Hand Weapons
 d - a +1 dagger of freezing
 g - a +0 hunting sling
Missiles
 c - 36 stones
 f - 5 atropa-tipped darts
Jewellery
 a - a +6 ring of dexterity (left tentacle)
Scrolls
 b - a scroll of teleportation {unknown}
Potions
 e - 2 potions of curing {unknown}


   Skills:
 + Level 1.0 Fighting
 + Level 2.0 Dodging
 + Level 1.1 Stealth
 + Level 3.4 Unarmed Combat
 + Level 2.2 Spellcasting
 + Level 2.2 Transmutations


You had 4 spell levels left.
You knew the following spells:

 Your Spells              Type           Power      Damage    Failure   Level
a - Beastly Appendage     Tmut           16%        N/A       9%          1

Your spell library contained the following spells:

 Spells                   Type           Power      Damage    Failure   Level
 Wereblood                Tmut           8%         N/A       13%         2
 Spider Form              Tmut/Pois      2%         N/A       38%         3
 Ice Form                 Ice/Tmut       4%         N/A       80%         4


Dungeon Overview and Level Annotations

Branches:
Dungeon (1/15)

Altars:
Wu Jian


Innate Abilities, Weirdness & Mutations

You cannot wear most types of armour.
You are amphibious.
You can wear up to eight rings at the same time.
Your skin changes colour to match your surroundings (Stealth+).
Your rubbery body absorbs attacks. (AC +1, EV +1)
((You are camouflaged near water. (Stealth+)))
You have tentacles for arms and can constrict up to eight enemies at once.


Message History

No target in view!
Your transformation is almost over.
Things that are here:
a +0 club; a kobold corpse Your tentacle spike disappears.
You now have 75 gold pieces (gained 16).
Found a hunting sling.
You now have 85 gold pieces (gained 10).
You see here a +0 hunting sling.
An endoplasm comes into view.
An endoplasm is nearby!
An endoplasm is nearby!
One of your tentacles grows a vicious spike.
You lunge at the endoplasm.
The helpless endoplasm fails to defend itself.
You tentacle-slap the endoplasm but do no damage.
The endoplasm hits you.
You tentacle-slap the endoplasm.
The endoplasm is heavily wounded.
The endoplasm freezes you.
You are frozen.
You tentacle-slap the endoplasm. You squeeze the endoplasm.
You kill the endoplasm!
The Council accepts your kill.
Your Stealth skill increases to level 1!
No target in view!
Your transformation is almost over.
You see here a +0 hunting sling.
g - a +0 hunting sling Your tentacle spike disappears.
A hobgoblin comes into view.
Casting: Beastly Appendage (safe; 9% risk of failure)
Confirm with . or Enter, or press ? or * to list all spells.
You don't know that spell.
You can't go up here!
There is an empty arch of ancient stone here.
You see here a +0 whip.
There is a staircase leading out of the dungeon here.
Are you sure you want to leave the Dungeon?
This will make you lose the game!
You have escaped!

..##..# ######
#.#..#. ...##.#
#.#..#. ##.##.#
#.#..#. )#....#
#.#..#. .###..#
###♣♣######....#.
.....##
#≈........###.##.
.###.#
##......♣...##....
.#...#
##...........∩..###
##.###
##.@..........####
...#
#.............#
.###
#.......♣.....# .#
#♣............# .#
#............### .#
#............∩.# .#
#............### .#
#..♣...........# .#
#♣......8.....###


There were no monsters in sight!

Vanquished Creatures
  3 endoplasms (D:1)
  A giant cockroach (D:1)
  3 hobgoblins (D:1)
  4 frilled lizards (D:1)
  2 goblins (D:1)
  4 kobolds (D:1)
  2 rats (D:1)
19 creatures vanquished.

Notes
Turn   | Place    | Note
-------+----------+-------------------------------------------
     0 | D:1      | PentaManta the Octopode Transmuter began the quest for the
                  | Orb.
     0 | D:1      | Reached XP level 1. HP: 13/13 MP: 3/3
   267 | D:1      | Found a faded altar of an unknown god.
   346 | D:1      | Reached XP level 2. HP: 9/18 MP: 3/5
   599 | D:1      | Became a worshipper of the Wu Jian Council
   599 | D:1      | Reached * piety under Wu Jian
   945 | D:1      | Reached skill level 1 in Stealth
  1079 | D:$      | Got out of the dungeon alive.

Illustrated notes

Levels and vault maps discovered:
D:1:      nzn_arrival_settlement, layout_basic, ebering_ecumenical_altar_rust,
          minmay_quantized

Skill      XL: |  1  2 |
---------------+-------+-----
Stealth        | 1 |  1.1
Fighting       | |  1.0
Dodging        | |  2.0
Unarmed Combat | |  3.4
Spellcasting   | |  2.2
Transmutations | |  2.2

Action                   || total
-------------------------++-------
Melee: Unarmed           ||    41
       Constrict         ||    11
       Tentacles         ||     5
       Kick              ||     5
       Punch             ||     1
 Cast: Beastly Appendage ||    14
Invok: Lunge             ||     3
 Stab: Sleeping          ||     6
Dodge: Dodged            ||    18

Table legend: (Time is in decaauts)
 A = Elapsed time spent in this place.
 B = Non-inter-level travel time spent in this place.
 C = Inter-level travel time spent in this place.
 D = Time resting spent in this place.
 E = Time spent auto-exploring this place.
 F = Levels seen in this place.
 G = Mean time per level.
                   A        B        C        D        E       F      G
               +--------+--------+--------+--------+--------+-----+--------+
         Total |   1076 |   1012 |     64 |      0 |    840 |   1 | 1076.0 |
       Dungeon |   1076 |   1012 |     64 |      0 |    840 |   1 | 1076.0 |
               +--------+--------+--------+--------+--------+-----+--------+

Top non-repeatable levels by time:
     D:1: 1076 daAuts
